Map: Korhal Carnage Knockout LE

Players

Fishcramps - Winner!

  • Race: Zerg Zerg
  • League: Gold

BlueThousand

  • Race: Terran Terran
  • League: Gold

VOD

Have the link to the VOD?

Description

Time

  • Played on: May 16, 2016, 5:41 p.m.
  • Length: 11:42
Show
View Real Time Build Order
Export as new Build Order

Fishcramps Zerg - Winner!

Build Orders: Hatch First 

Get SALT Encoding   

  12  0:01  Drone  
  13  0:08  Drone  
  14  0:17  Overlord  
  14  0:20  Extractor  
  13  0:23  Drone  
  16  0:35  Drone x2  
  17  0:53  Hatchery  
  17  0:54  Drone  
  17  0:58  Drone  
  18  1:12  Spawning Pool  
  18  1:14  Drone  
  18  1:20  Drone  
  18  1:23  Extractor  
  18  1:28  Drone  
  19  1:38  Drone  
  20  1:50  Drone  
  21  2:02  Overlord  
  21  2:04  Queen  
  23  2:11  Drone  
  23  2:14  Roach Warren  
  23  2:20  Queen  
  23  2:21  Drone x2  
  27  2:26  Zergling x2  
  28  2:38  Drone  
  28  2:44  Drone x2  
  31  2:50  Extractor  
  29  3:02  Drone x2  
  31  3:06  Zergling x6  
  34  3:13  Overlord x2  
  34  3:18  Lair  
  34  3:30  Queen  
  34  3:32  Roach  
  34  3:33  Roach x3  
  44  3:36  Drone  
  45  3:45  Drone x2  
  45  3:46  Drone  
  47  3:51  Spine Crawler  
  47  3:54  Roach x2  
  50  3:56  Overlord  
  50  4:06  Evolution Chamber  
  50  4:07  Evolution Chamber  
  48  4:29  Drone x3  
  51  4:36  Zerg Missile Weapons Level 1  
  51  4:37  Zerg Ground Armor Level 1  
  51  4:38  Glial Reconstitution  
  51  4:40  Roach x3  
  51  4:42  Overlord  
  57  5:01  Roach x4  
  57  5:02  Roach  
  67  5:07  Overlord  
  67  5:24  Hydralisk Den  
  67  5:25  Spore Crawler  
  67  5:27  Drone x3, Spore Crawler  
  67  5:29  Drone x2  
  67  5:31  Roach  
  71  5:53  Roach x2  
  71  5:56  Overlord, Hatchery  
  74  6:05  Ravager x2  
  76  6:17  Roach x2  
  76  6:18  Roach  
  82  6:22  Extractor, Drone x2  
  83  6:26  Overlord x2  
  83  6:42  Overlord x4  
  83  6:51  Drone x2  
  83  6:53  Drone x3  
  88  6:57  Ravager x3  
  93  7:08  Roach  
  93  7:09  Roach x2  
  93  7:14  Spore Crawler  
  93  7:15  Drone x3  
  98  7:20  Roach x2  
  98  7:21  Roach  
  105  7:28  Drone x2  
  107  7:39  Roach x2  
  107  7:40  Roach x3  
  117  7:59  Roach x3  
  117  8:00  Roach x3  
  129  8:12  Roach x2  
  127  8:13  Roach x2  
  127  8:20  Roach  
  129  8:27  Roach x2  
  129  8:30  Queen  
  135  8:34  Zerg Missile Weapons Level 2  
  127  8:46  Ravager  
  128  8:51  Ravager  
  128  8:55  Ravager  
  122  9:12  Drone x4  
  122  9:13  Drone x4  
  122  9:16  Extractor x2  
  128  9:18  Spore Crawler  
  128  9:23  Spore Crawler  
  126  9:24  Roach x5  
  126  9:25  Roach x3  
  126  9:30  Extractor  
  137  9:35  Drone  
  137  9:36  Overlord  
  137  9:37  Overlord x2  
  137  9:54  Overlord  
  137  9:55  Overlord x4  
  136  10:10  Roach x5  
  111  10:36  Roach x4  
  111  10:37  Roach x5  
  129  10:53  Roach x3  
  133  11:12  Infestation Pit, Drone  
  133  11:13  Drone x6  
Show
View Real Time Build Order
Export as new Build Order

BlueThousand Terran 

Build Orders: MMM Bio 

Get SALT Encoding   

  12  0:01  SCV  
  13  0:13  SCV  
  14  0:18  Supply Depot  
  14  0:25  SCV  
  15  0:40  SCV  
  15  0:41  Barracks  
  16  0:50  Refinery  
  16  0:52  SCV  
  16  0:56  Refinery  
  17  1:04  SCV  
  18  1:16  SCV  
  19  1:28  Reaper, SCV  
  19  1:29  Supply Depot  
  21  1:40  SCV  
  22  1:48  Factory  
  22  1:52  SCV  
  23  2:04  SCV  
  23  2:07  Marine  
  25  2:16  SCV  
  26  2:25  Marine  
  26  2:29  SCV  
  28  2:37  Command Center  
  28  2:43  Marine  
  29  3:01  Marine  
  30  3:08  Factory Tech Lab  
  30  3:10  Factory Reactor  
  30  3:13  Orbital Command  
  30  3:14  Starport  
  30  3:19  Marine  
  31  3:26  Barracks  
  31  3:48  Marine, Supply Depot  
  31  3:49  Supply Depot x2  
  31  3:51  Supply Depot  
  32  3:59  Factory Reactor  
  32  4:01  Liberator x2  
  31  4:21  Barracks Tech Lab  
  31  4:22  Barracks Tech Lab  
  31  4:23  Barracks Reactor  
  37  4:30  Engineering Bay  
  37  4:32  Engineering Bay, SCV x2  
  39  4:42  Stimpack  
  39  4:44  SCV  
  39  4:45  SCV  
  41  4:56  SCV  
  41  4:57  SCV  
  43  5:09  SCV x2  
  45  5:21  Fusion Core, SCV x2  
  47  5:26  Marine  
  47  5:27  Marine  
  50  5:33  Command Center  
  50  5:34  Marauder  
  51  5:40  SCV x2  
  53  5:45  Supply Depot  
  53  5:48  Liberator x2  
  53  5:52  SCV x2  
  53  5:55  Marauder  
  57  5:57  Marine x2  
  59  6:04  SCV x2  
  67  6:11  Refinery  
  67  6:13  Refinery  
  67  6:15  Marine  
  67  6:17  Marauder  
  70  6:19  Marine  
  71  6:42  Barracks  
  71  6:43  Factory Tech Lab  
  71  6:51  SCV x3  
  74  7:03  Siege Tank, SCV x2  
  74  7:04  Starport Tech Lab, SCV  
  74  7:07  Combat Shields  
  80  7:15  SCV x2  
  80  7:16  SCV  
  83  7:26  Marine  
  83  7:27  Marine x2  
  86  7:31  Marine x2  
  86  7:33  Advanced Ballistics  
  86  7:35  Siege Tank  
  91  7:44  Marine  
  91  7:47  Marine  
  91  7:50  Marauder  
  97  8:02  Marine  
  97  8:05  Marine  
  97  8:11  Marauder  
  99  8:17  Engineering Bay  
  99  8:19  Engineering Bay  
  91  8:33  Marauder  
  89  8:41  Marine  
  89  8:42  Marine  
  89  8:47  Terran Infantry Weapons Level 1, Terran Infantry Armor Level 1  
  91  8:50  Barracks  
  91  8:53  Marine  
  92  8:56  Barracks  
  92  9:02  Barracks x2  
  92  9:05  Barracks  
  92  9:07  Marine  
  92  9:08  Marine  
  94  9:11  Marine  
  95  9:25  Marine x2  
  97  9:33  Marine  
  98  9:43  Marine x2  
  100  9:46  Armory  
  100  9:51  Barracks  
  100  9:52  Barracks  
  100  9:53  Barracks x2, Barracks Tech Lab x3  
  100  9:55  Barracks Tech Lab  
  100  9:57  SCV  
  101  10:02  SCV x2  
  101  10:04  Supply Depot x2  
  101  10:06  Supply Depot  
  97  10:07  Supply Depot  
  97  10:09  SCV  
  98  10:14  SCV x2  
  95  10:21  SCV  
  95  10:26  SCV x2  
  62  10:35  Marine  
  62  10:36  Marine x5  
  62  10:41  Barracks Reactor  
  62  10:53  Marine  
  62  10:54  Marine x5  
  51  11:09  Siege Tank  
  50  11:11  Marine  
  50  11:12  Marine x4  
Tags
 
Add a new tag
Caveats
  • Supply blocks, unpowered buildings, or Contaminate may cause inaccurate times.
  • Supply counts are checked every 10 seconds.